 Dungeon Crawl Stone Soup version 0.30-a0-859-gf88a04b62d (webtiles) character file.

Game seed: 3313032573086712811

130 cforsyth the Magician (level 4, 0/24 HPs)
             Began as a Deep Elf Earth Elementalist on Mar 6, 2023.
             Slain by a kobold brigand
             ... wielding a +0 dagger
              (7 damage)
             ... on level 5 of the Dungeon.
             The game lasted 00:05:19 (2301 turns).

cforsyth the Magician (Deep Elf Earth Elementalist) Turns: 2301, Time: 00:05:20

Health: 0/24       AC:  2    Str:  5    XL:     4   Next: 89%
Magic:  9/12       EV: 13    Int: 22    God:
Gold:   153        SH:  0    Dex: 15    Spells: 10/11 levels left

rFire   . . .      SeeInvis .    (no weapon)
rCold   . . .      Faith    .    (no shield)
rNeg    . . .      Spirit   .    a - +0 robe
rPois   .          Reflect  .    (no helmet)
rElec   .          Rampage  .    (no cloak)
rCorr   .                        (no gloves)
Will    .....                    (no boots)
Stlth   ++                       (no amulet)
HPRegen 0.24/turn                (no ring)
MPRegen 0.13/turn                (no ring)

@: hasted, very quick
A: no striking features
a: no special abilities


You were on level 5 of the Dungeon.
You visited 1 branch of the dungeon, and saw 5 of its levels.

You collected 153 gold pieces.

Inventory:

Armour
 a - a +0 robe (worn)
Jewellery
 k - a ring of willpower
 m - an amulet of the acrobat
Scrolls
 f - 3 scrolls of vulnerability
 n - a scroll of summoning
Potions
 b - a potion of magic
 c - a potion of heal wounds
 d - 3 potions of haste
 g - a potion of brilliance {unknown}
 h - 2 potions of curing
 i - 2 potions of berserk rage {unknown}
 j - 3 potions of resistance
 l - a potion of cancellation {unknown}


   Skills:
 + Level 3.4 Dodging
 + Level 3.7 Stealth
 + Level 4.0 Spellcasting
 + Level 2.4 Transmutations
 + Level 4.0 Earth Magic


You had 10 spell levels left.
You knew the following spells:

 Your Spells              Type           Power      Damage    Failure   Level
a - Sandblast             Erth           44%        2d11      1%          1

Your spell library contained the following spells:

 Spells                   Type           Power      Damage    Failure   Level
 Passwall                 Tmut/Erth      15%        N/A       4%          2
 Sting                    Tmut/Pois      36%        1d4       7%          1
 Stone Arrow              Conj/Erth      26%        3d8       14%         3
 Poisonous Vapours        Pois/Air       8%         N/A       17%         2
 Petrify                  Tmut/Erth      18%        N/A       28%         4
 Vhi's Electric Charge    Tloc/Air       8%         N/A       32%         3
 Olgreb's Toxic Radiance  Pois           4%         N/A       73%         4
 Arcjolt                  Conj/Air       2%         1d12      97%         5
 Maxwell's Capacitive Co  Air            2%         ∞         100%        8


Dungeon Overview and Level Annotations

Branches:
Dungeon (4/15)
 Temple: D:4-7

Altars:
Qazlal

Shops:
D:2 !


Message History

Aim: a kobold brigand, wielding a +0 dagger and quivering curare-tipped darts (wandering, hasn't noticed you, 79% to hit)
The blast of sand hits the kobold brigand!
The kobold brigand is heavily wounded.
The kobold brigand shouts!
The orc shouts!
A quokka comes into view.
Something hits you!
Deactivating autopickup; reactivate with Ctrl-A.
The quokka moves out of view.
Casting: Sandblast (safe; 1% risk of failure)
Confirm with . or Enter, or press ? or * to list all spells.
Aiming: Sandblast (safe; 1% risk of failure)
Press: ? - help, Shift-Dir - straight line, f/p - kobold brigand
Aim: a kobold brigand, wielding a +0 dagger and quivering curare-tipped darts (heavily wounded, 79% to hit)
The blast of sand hits the kobold brigand!
The kobold brigand is severely wounded.
Something hits you!
* * * LOW HITPOINT WARNING * * *
The kobold brigand barely misses you.
Unknown command.
Casting: Sandblast (safe; 1% risk of failure)
Confirm with . or Enter, or press ? or * to list all spells.
Aiming: Sandblast (safe; 1% risk of failure)
Press: ? - help, Shift-Dir - straight line, f/p - kobold brigand
Aim: a kobold brigand, wielding a +0 dagger and quivering curare-tipped darts (severely wounded, 79% to hit)
The blast of sand hits the kobold brigand.
The kobold brigand is almost dead.
Something hits you.
* * * LOW HITPOINT WARNING * * *
The kobold brigand hits you with a +0 dagger.
* * * LOW HITPOINT WARNING * * *
Unknown command.
You feel much better. The orc closely misses you.
The kobold brigand hits you with a +0 dagger.
Something hits you!
An orc comes into view. It is wielding a +0 club.
Okay, then.
You feel yourself speed up. Something hits you.
* * * LOW HITPOINT WARNING * * *
The kobold brigand hits you with a +0 dagger!
You die...

#.. .. ..
#.# :
#..##.
##..#..
#..#.#
#o#.##.o#
#@Ko.....
#../#....
##.......
######


You could see a kobold brigand and 3 orcs.

Vanquished Creatures
  Jessica (D:2)
  3 adders
  4 dart slugs
  4 orcs (D:3)
  5 ball pythons
  5 bats
  9 endoplasms
  A giant cockroach (D:2)
  5 hobgoblins
  3 quokkas
  3 frilled lizards
  3 goblins
  9 kobolds
  7 rats
62 creatures vanquished.

Notes
Turn   | Place    | Note
-------+----------+-------------------------------------------
     0 | D:1      | cforsyth the Deep Elf Earth Elementalist began the quest
                  | for the Orb.
     0 | D:1      | Reached XP level 1. HP: 10/10 MP: 6/6
   119 | D:1      | Reached XP level 2. HP: 15/15 MP: 6/8
   581 | D:1      | Reached XP level 3. HP: 19/19 MP: 4/9
   992 | D:2      | Found Adeppuk's Distillery.
  1089 | D:2      | Found a stormy altar of Qazlal.
  1231 | D:2      | Noticed Jessica
  1277 | D:2      | Killed Jessica
  1278 | D:2      | Reached XP level 4. HP: 22/24 MP: 5/11
  2287 | D:4      | You fall into a shaft and drop 1 floor!
  2287 | D:5      | Entered Level 5 of the Dungeon
  2288 | D:5      | Noticed a kobold brigand
  2301 | D:5      | Slain by a kobold brigand

Illustrated notes

Levels and vault maps discovered:
D:1:      eino_arrival_water_star, layout_basic
D:2:      layout_basic, basic_altar, serial_shops, nicolae_diamond_shop,
          minmay_between, uniq_jessica
D:3:      layout_loops_ring
D:4:      layout_loops_corners, uniq_robin, uniq_eustachio
D:5:      layout_gridville, serial_shops, shop, grunt_ministairs_12,
          minmay_statues_item, minmay_manual_mess

Skill      XL: |  1  2  3  4 |
---------------+-------------+-----
Stealth        | 3 |  3.7
Dodging        | 3 |  3.4
Transmutations | 2 |  2.4
Spellcasting   | 4 |  4.0
Earth Magic    | 4 |  4.0

Action                     |  1- 3 |  4- 6 || total
---------------------------+-------+-------++-------
  Melee: Unarmed           |     7 |       ||     7
   Cast: Sandblast         |    62 |    23 ||    85
    Use: Scroll            |       |     6 ||     6
         Potion            |       |     2 ||     2
 Armour: Robe              |     6 |       ||     6
  Dodge: Dodged            |    22 |     2 ||    24

Table legend: (Time is in decaauts)
 A = Elapsed time spent in this place.
 B = Non-inter-level travel time spent in this place.
 C = Inter-level travel time spent in this place.
 D = Time resting spent in this place.
 E = Time spent auto-exploring this place.
 F = Levels seen in this place.
 G = Mean time per level.
                   A        B        C        D        E       F      G
               +--------+--------+--------+--------+--------+-----+--------+
         Total |   2343 |   2283 |     60 |     17 |   1946 |   5 |  468.6 |
       Dungeon |   2343 |   2283 |     60 |     17 |   1946 |   5 |  468.6 |
               +--------+--------+--------+--------+--------+-----+--------+

Top non-repeatable levels by time:
     D:2: 855 daAuts
     D:1: 793 daAuts
     D:3: 633 daAuts
     D:4: 46 daAuts
     D:5: 15 daAuts
